 Dungeon Crawl Stone Soup version 0.23-a0-378-gd7a6ca6 (webtiles) character file.

585 MisterFreud the Cutter (level 7, -2/38 HPs)
             Began as a Kobold Artificer on Oct 27, 2018.
             Slain by Crazy Yiuf
             ... wielding a +2 quarterstaff of chaos
              (24 damage)
             ... on level 3 of the Dungeon.
             The game lasted 00:08:39 (4614 turns).

MisterFreud the Cutter (Kobold Artificer)           Turns: 4614, Time: 00:08:40

Health: -2/38      AC:  3    Str: 10    XL:     7   Next: 64%
Magic:  10/10      EV: 16    Int: 14    God:
Gold:   167        SH:  0    Dex: 15    Spells: 6/6 levels left

rFire    . . .     SeeInvis .   a - +0 short sword
rCold    . . .     Gourm    .   (shield restricted)
rNeg     . . .     Faith    .   b - +0 leather armour
rPois    .         Spirit   .   (no helmet)
rElec    .         Reflect  .   (no cloak)
rCorr    .         Harm     .   (no gloves)
MR       .....                  (no boots)
Stlth    +++.......             (no amulet)
HPRegen  0.12/turn              (no ring)
MPRegen  0.12/turn              (no ring)

@: hasted, drained, very quick
A: small, carnivore
a: no special abilities


You were on level 3 of the Dungeon.
You were very full.

You visited 1 branch of the dungeon, and saw 3 of its levels.

You collected 167 gold pieces.

Inventory:

Hand Weapons
 a - a +0 short sword (weapon)
 v - a +0 blowgun
Missiles
 h - 50 bolts
 i - 98 stones (quivered)
 o - 27 arrows
 q - 2 tomahawks
 u - 7 poisoned needles
Armour
 b - a +0 leather armour (worn)
Wands
 c - a wand of flame (12)
 d - a wand of enslavement (14)
 e - a wand of random effects (11)
Scrolls
 g - a scroll of magic mapping {unknown}
 j - 3 scrolls of identify
 l - a scroll of amnesia {unknown}
 m - 3 scrolls of remove curse {unknown}
 p - a scroll of fear {unknown}
 s - a scroll of immolation {unknown}
 w - a scroll of enchant weapon {unknown}
Potions
 k - a potion of haste {unknown}
 n - 2 potions of curing
 r - a potion of mutation {unknown}
 t - 2 potions of ambrosia {unknown}
 x - a potion of might {unknown}
Comestibles
 f - 4 rations


   Skills:
 - Level 1.1(0.8) Fighting
 - Level 6.7(6.4) Short Blades
 + Level 4.0(3.8) Dodging
 - Level 6.0(5.7) Stealth
 + Level 4.9(4.6) Evocations


You had 6 spell levels left.
You didn't know any spells.
Your spell library was empty.

Dungeon Overview and Level Annotations

Branches:
Dungeon (3/15)

Altars:
Trog
Yredelemnul
Zin

Annotations:
D:3 Crazy Yiuf


Innate Abilities, Weirdness & Mutations

You are small and have problems with some larger weapons.
You are carnivorous and can eat meat at any time.


Message History

You hit Crazy Yiuf.
Crazy Yiuf is lightly wounded.
You hit Crazy Yiuf but do no damage.
Crazy Yiuf is lightly wounded.
Crazy Yiuf hits you with a +2 quarterstaff of chaos.
You feel drained.
You hit Crazy Yiuf.
Crazy Yiuf is moderately wounded.
You hit Crazy Yiuf.
Crazy Yiuf is severely wounded.
Crazy Yiuf hits you with a +2 quarterstaff of chaos.
Crazy Yiuf draws strength from your wounds!
You hit Crazy Yiuf.
Crazy Yiuf is heavily wounded.
You hit Crazy Yiuf but do no damage.
Crazy Yiuf is heavily wounded.
Crazy Yiuf hits you with a +2 quarterstaff of chaos.
Space warps horribly around you!
Ouch! That really hurt!
You die...

######...............#
.......#######.#####.############
######.##### #.# #........÷.... #
#.....# ### ############## #
#.###.# ##### # #.# ##### #...# #
#.# #..)# ###.######## # #..
#.g.# #......... # ### #.@.#
#.######## # ##'## #.# # ♣♣.♣
###.# # ♣.♣♣ #...# # # ♣♣.♣ #####
### # ♣.♣♣ #.. # ♣♣.♣♣ #.# ♣...♣♣
#.# ♣....♣ #.#


You could see Crazy Yiuf.

Vanquished Creatures
  Grinder (D:3)
  Sigmund (D:3)
  A hound (D:3)
  Ijyb (D:3)
  Terence (D:2)
  Natasha (thrice) (D:2)
  2 adders (D:2)
  3 worms
  A leopard gecko (D:3)
  An orc (D:3)
  4 giant cockroaches
  8 goblins
  7 hobgoblins (D:1)
  2 jackals (D:3)
  2 quokkas (D:2)
  10 bats
  3 frilled lizards
  9 kobolds
  7 rats
67 creatures vanquished.

Notes
Turn   | Place    | Note
-------+----------+-------------------------------------------
     0 | D:1      | MisterFreud the Kobold Artificer began the quest for the
                  | Orb.
     0 | D:1      | Reached XP level 1. HP: 12/12 MP: 3/3
   161 | D:1      | Reached XP level 2. HP: 16/16 MP: 4/4
   543 | D:1      | Reached XP level 3. HP: 13/20 MP: 5/5
  1752 | D:2      | Found a glowing silver altar of Zin.
  1825 | D:2      | Noticed Natasha
  1831 | D:2      | Killed Natasha
  1831 | D:2      | Reached skill level 5 in Stealth
  1831 | D:2      | Reached XP level 4. HP: 25/25 MP: 6/6
  2148 | D:2      | Found a bloodstained altar of Trog.
  2152 | D:2      | Found a basalt altar of Yredelemnul.
  2176 | D:2      | Noticed Terence
  2463 | D:2      | Killed Terence
  2463 | D:2      | Reached XP level 5. HP: 13/29 MP: 7/7
  2570 | D:2      | Noticed Natasha
  2577 | D:2      | Killed Natasha
  2606 | D:2      | Noticed Natasha
  2891 | D:2      | Killed Natasha
  3441 | D:3      | Noticed Grinder
  3455 | D:3      | Killed Grinder
  3455 | D:3      | Reached XP level 6. HP: 5/34 MP: 8/8
  3603 | D:3      | Noticed Ijyb
  3816 | D:2      | Reached XP level 7. HP: 32/38 MP: 9/9
  3922 | D:3      | Killed Ijyb
  4170 | D:3      | Noticed Sigmund
  4177 | D:3      | Killed Sigmund
  4429 | D:3      | Found a runed door.
  4603 | D:3      | Noticed Crazy Yiuf
  4614 | D:3      | Slain by Crazy Yiuf

Vault maps used:
D:1:      eino_arrival_druids_welcome, columned_hall_lemuel
D:2:      lemuel_coloured_pillars_altar, nicolae_overflow_hidden_temple,
          uniq_terence, uniq_natasha
D:3:      lemuel_round_altar, uniq_crazy_yiuf_cottage, uniq_sigmund, uniq_ijyb,
          uniq_grinder

Skill      XL: |  1  2  3  4  5  6  7 |
---------------+----------------------+-----
Stealth        | 2 3 5 6 |  6.0
Short Blades   | 2 6 |  6.7
Dodging        | 4 |  4.0
Evocations     | 4 |  4.9
Fighting       | |  1.1

Action                   |  1- 3 |  4- 6 |  7- 9 || total
-------------------------+-------+-------+-------++-------
Melee: Short sword       |   117 |   104 |    42 ||   263
       Unarmed           |       |       |    46 ||    46
Evoke: Wand              |     1 |    26 |     1 ||    28
  Use: Scroll            |       |     1 |       ||     1
 Stab: Sleeping          |     4 |     2 |     6 ||    12
  Eat: Chunk             |    11 |     5 |     2 ||    18
Armor: Leather armour    |    33 |    12 |     5 ||    50
Dodge: Dodged            |    92 |    92 |    49 ||   233

Table legend:
 A = Non-vault XP
 B = Vault XP
 C = Vault XP percentage of total XP
 D = Non-vault monster count
 E = Vault monster count
 F = Vault count percentage of total count
                 A         B        C        D         E       F
            +---------+---------+-------+---------+---------+-------
      Total |     248 |     589 |  70.4 |      62 |       5 |   7.5
            +---------+---------+-------+---------+---------+-------
        D:1 |      40 |       0 |   0.0 |      26 |       0 |   0.0
        D:2 |     119 |      71 |  37.4 |      14 |       2 |  12.5
        D:3 |      89 |     518 |  85.3 |      22 |       3 |  12.0
            +---------+---------+-------+---------+---------+-------
